[Event "28th North American Open"]
[Site "Las Vegas"]
[Date "2018.12.28"]
[Round "5.1"]
[White "Zierk, Steven"]
[Black "Bai, Jinshi"]
[Result "1/2-1/2"]
[ECO "C24"]
[WhiteElo "2510"]
[BlackElo "2568"]
[PlyCount "37"]
[EventDate "2018.12.??"]
[EventType "swiss"]
[EventRounds "9"]
[EventCountry "USA"]
[TimeControl "6600+10"]
[WhiteClock "1:26:58"]
[BlackClock "1:27:07"]

1. e4 e5 2. Bc4 Nf6 3. d3 c6 4. Nf3 d5 5. Bb3 Bb4+ 6. Bd2 Bxd2+ 7. Nbxd2 O-O 8. O-O a5 9. c3 Bg4 10. h3 Bxf3 11. Nxf3 dxe4 12. Nxe5 exd3 13. Qxd3 Nbd7 14. Nxd7 Qxd7 15. Rad1 Qxd3 16.
Rxd3 Rfd8 17. Rfd1 Rxd3 18. Rxd3 Re8 19. Kf1 1/2-1/2

[Event "28th North American Open"]
[Site "Las Vegas"]
[Date "2018.12.28"]
[Round "5.2"]
[White "Hong, Andrew"]
[Black "Pakleza, Zbigniew"]
[Result "1/2-1/2"]
[ECO "B07"]
[WhiteElo "2390"]
[BlackElo "2506"]
[PlyCount "35"]
[EventDate "2018.12.??"]
[EventType "swiss"]
[EventRounds "9"]
[EventCountry "USA"]
[TimeControl "6600+10"]
[WhiteClock "1:22:36"]
[BlackClock "1:53:01"]

1. e4 d6 2. d4 Nf6 3. Nc3 Nbd7 4. Nf3 e5 5. Bc4 Be7 6. O-O O-O 7. Re1 c6 8. a4 a5 9. Ba2 h6 10. h3 Re8 11. Nh4 Nf8 12. dxe5 dxe5 13. Nf5 Qxd1 14. Nxe7+ Rxe7 15. Rxd1 Be6 16. Be3 Bxa2 17. Rxa2 Ne6 18. Raa1 1/2-1/2

[Event "28th North American Open"]
[Site "Las Vegas"]
[Date "2018.12.28"]
[Round "5.3"]
[White "Coleman, Teddy"]
[Black "Balakrishnan, Praveen"]
[Result "1-0"]
[ECO "E49"]
[WhiteElo "2361"]
[BlackElo "2418"]
[PlyCount "103"]
[EventDate "2018.12.??"]
[EventType "swiss"]
[EventRounds "9"]
[EventCountry "USA"]
[TimeControl "6600+10"]
[WhiteClock "0:35:12"]
[BlackClock "0:18:55"]

1. d4 Nf6 2. c4 e6 3. Nc3 Bb4 4. e3 O-O 5. Bd3 d5 6. a3 Bxc3+ 7. bxc3 c5 8.
cxd5 exd5 9. Ne2 b6 10. O-O Ba6 11. dxc5 bxc5 12. Bxa6 Nxa6 13. c4 dxc4 14. Qa4 Nc7 15. Rd1 Qe7 16. Qxc4 Rfd8 17. Bd2 Qd6 18. Qa4 Qd7 19. Qc2 Qd3 20. Qxd3 Rxd3 21. Nf4 Rb3 22. Rdc1 Na6 23. f3 g5 24. Nh3 Rd8 25. Bc3 Nd5 26. Ba5 Rd6 27. Rd1 Rxe3 28.
Nxg5 f5 29. Be1 Rd7 30. Bf2 Rc3 31. Ne6 Kf7 32. Nf4 Nb6 33.
Re1 Re7 34. Bh4 Rd7 35. Re5 Kg8 36. Rxf5 Nc7 37. Re1 Rc4 38. Bf2 Nbd5 39. Nd3 Re7 40. Rxe7 Nxe7 41. Rxc5 Rxc5 42. Bxc5 Nc8 43. Ne5 Ne6 44. Be3 Nd6 45. a4 a6 46. g4 Kg7 47. Kf2 Nb7 48. Nd3 Kf6 49. f4 a5 50. f5 Nc7 51. Bd4+ Ke7 52. Kf3 1-0

[Event "28th North American Open"]
[Site "Las Vegas"]
[Date "2018.12.28"]
[Round "5.4"]
[White "Daggupati, Balaji"]
[Black "Gorovets, Andrey"]
[Result "1/2-1/2"]
[ECO "B12"]
[WhiteElo "2256"]
[BlackElo "2509"]
[PlyCount "78"]
[EventDate "2018.12.??"]
[EventType "swiss"]
[EventRounds "9"]
[EventCountry "USA"]
[TimeControl "6600+10"]
[WhiteClock "0:23:56"]
[BlackClock "0:03:28"]

1. e4 c6 2. d4 d5 3. e5 Bf5 4. Nd2 e6 5. Nb3 f6 6. Nf3 Nd7 7. Bd3 Ne7 8.
exf6 gxf6 9. Qe2 Bxd3 10. cxd3 Kf7 11. Bd2 Ng6 12. h4 h5 13. O-O-O Qc7 14. Kb1 Nf4 15. Qf1 a5 16. g3 Ng6 17. Qg2 a4 18.
Nc1 a3 19. b3 Bh6 20. Bxh6 Rxh6 21. g4 hxg4 22. Qxg4 Rg8 23. Rdg1 Rhh8 24. Qh3 Qa5 25. Kc2 c5 26. h5 Nf4 27. Qh2 Rxg1 28. Rxg1 Nxh5 29. Qd6 Qb5 30. Rh1 c4 31. dxc4 dxc4 32. bxc4 Qxc4+ 33. Kd2 Qb5 34. Nd3 Nf4 35. Nxf4 Rxh1 36. Qxe6+ Kf8 37. Qd6+ Kf7 38. Qe6+ Kf8 39. Qd6+ Kf7 1/2-1/2

[Event "28th North American Open"]
[Site "Las Vegas"]
[Date "2018.12.28"]
[Round "5"]
[White "Patel, Advait"]
[Black "Vivekananthan, Anish"]
[Result "1/2-1/2"]
[ECO "B98"]
[WhiteElo "2455"]
[BlackElo "2294"]
[PlyCount "50"]
[EventDate "2018.12.??"]
[EventType "swiss"]
[EventRounds "9"]
[EventCountry "USA"]
[TimeControl "6600+10"]
[WhiteClock "0:36:11"]
[BlackClock "1:00:23"]

1. e4 c5 2. Nf3 d6 3. d4 cxd4 4. Nxd4 Nf6 5. Nc3 a6 6. Bg5 e6 7. f4 Be7 8. Qf3 h6 9. Bh4 Qc7 10. O-O-O Nbd7 11. Be2 O-O 12. Qg3 Nc5 13. Bf3 e5 14. Bxf6 Bxf6 15. Nd5 Qd8 16. Nxf6+ Qxf6 17. Ne2 b6 18. fxe5 dxe5 19. Nc3 Bb7 20. Nd5 Bxd5 21. Rxd5 Rfe8 22. Rhd1 a5 23. Kb1 Rab8 24. c3 a4 25. a3 Rbd8 1/2-1/2

[Event "28th North American Open"]
[Site "Las Vegas"]
[Date "2018.12.28"]
[Round "5"]
[White "Mulyar, Michael"]
[Black "He, Anthony"]
[Result "1/2-1/2"]
[ECO "D76"]
[WhiteElo "2398"]
[BlackElo "2251"]
[PlyCount "58"]
[EventDate "2018.12.??"]
[EventType "swiss"]
[EventRounds "9"]
[EventCountry "USA"]
[TimeControl "6600+10"]
[WhiteClock "1:10:08"]
[BlackClock "0:04:16"]

1. d4 Nf6 2. Nf3 g6 3. c4 Bg7 4. g3 O-O 5. Bg2 d5 6. cxd5 Nxd5 7. O-O Nb6 8. Nc3 Nc6 9. e3 Re8 10. Nh4 e5 11. d5 Nb4 12. a3 Na6 13. Qc2 Qe7 14. e4 c6 15. Be3 Nc4 16. Qe2 Nxe3 17. Qxe3 Nc5 18. Rad1 Nb3 19. Nb5 cxb5 20. Qxb3 Bd7 21. Rc1 Rac8 22. Qe3 b6 23. Rxc8 Rxc8 24. Rc1 Rxc1+ 25. Qxc1 Qc5 26. Qd2 Bf8 27. Nf3 f6 28. b4 Qc7 29. Ne1 Bd6 1/2-1/2

[Event "28th North American Open"]
[Site "Las Vegas"]
[Date "2018.12.28"]
[Round "5"]
[White "Zhu, Jack"]
[Black "Kollar, Romain"]
[Result "1-0"]
[ECO "A45"]
[WhiteElo "2364"]
[BlackElo "2180"]
[PlyCount "123"]
[EventDate "2018.12.??"]
[EventType "swiss"]
[EventRounds "9"]
[EventCountry "USA"]
[TimeControl "6600+10"]
[WhiteClock "0:44:01"]
[BlackClock "0:02:02"]

1. d4 Nf6 2. Bg5 d5 3. Bxf6 exf6 4. e3 Bd6 5. Nf3 O-O 6. Nbd2 c6 7. Bd3 Be6 8. c3 Nd7 9. Qc2 g6 10. O-O f5 11. g3 Nf6 12. Nh4 Nh5 13. Ndf3 Re8 14. Ng2 Rc8 15. Rfe1 Nf6 16. Qb3 b6 17. a4 Ne4 18. Qd1 g5 19. Rf1 Qf6 20.
Nd2 Qh6 21. Re1 Bd7 22. Re2 Re7 23. f3 Nf6 24. Qc2 f4 25.
gxf4 gxf4 26. e4 dxe4 27. Nxe4 Nxe4 28. Rxe4 Rxe4 29. Bxe4 Qh3 30. Rf1 Kh8 31. Qd2 Rg8 32. Rf2 Qh4 33. Kh1 Qg5 34. Rf1 Bh3 35. Rg1 c5 36. Qf2 Bxg2+ 37. Qxg2 Qxg2+ 38.
Rxg2 Rxg2 39. Kxg2 cxd4 40. cxd4 Kg7 41. Kf2 h6 42. Ke2 Kf6 43. Kd3 a5 44. Kc4 Bb4 45. Kb5 Ke6 46. Kc6 Ke7 47. Bd5 f6 48. Bc4 f5 49. Bg8 Bd2 50. Kxb6 Kd6 51. Kb5 h5 52. h4 Be1 53. Bc4 Bxh4 54. Kxa5 Bf6 55. b4 Bxd4 56. Ka6 h4 57. Bf1 Kc6 58. a5 Kc7 59. b5 Kb8 60. b6 h3 61. Bxh3 Be3 62. Bxf5 1-0

[Event "28th North American Open"]
[Site "Las Vegas"]
[Date "2018.12.28"]
[Round "5"]
[White "Yanayt, Eugene"]
[Black "Li, Ruifeng"]
[Result "1/2-1/2"]
[ECO "A40"]
[WhiteElo "2122"]
[BlackElo "2559"]
[PlyCount "96"]
[EventDate "2018.12.??"]
[EventType "swiss"]
[EventRounds "9"]
[EventCountry "USA"]
[TimeControl "6600+10"]
[WhiteClock "0:05:05"]
[BlackClock "0:03:10"]

1. d4 b6 2. e4 Bb7 3. Nc3 e6 4. a3 d6 5. Nf3 Nd7 6. Be2 g6 7. O-O Bg7 8. Re1 Ne7 9. Bf1 O-O 10. Bf4 h6 11. h3 Nf6 12. Qd2 g5 13. Bh2 Ng6 14.
Rad1 g4 15. hxg4 Nxg4 16. Bg3 h5 17. Nh2 Bh6 18. Qe2 Qg5 19.
Nf3 Qe7 20. Nh2 Nxh2 21. Bxh2 Kg7 22. e5 d5 23. Qf3 Rh8 24.
Ne2 Rag8 25. Ng3 Kf8 26. Bd3 Nf4 27. Nf5 Nxg2 28. Nxe7 Nxe1+ 29. Nxg8 Nxf3+ 30. Kg2 Rxg8+ 31. Kxf3 c5 32. Bg3 Rg4 33. Rh1 c4 34. Be2 Rxd4 35. Rxh5 Kg7 36. Kg2 Rd2 37. Bf3 Rxc2 38. Bh4 Rxb2 39. Bf6+ Kg6 40. Rh4 Rb3 41. Bh5+ Kh7 42. Bxf7 d4+ 43. Kh2 Rb1 44. Rxd4 Bd5 45. f3 Rb2+ 46. Kg3 Rb1 47. Kh2 Rb2+ 48. Kg3 Rb1 1/2-1/2

[Event "28th North American Open"]
[Site "Las Vegas"]
[Date "2018.12.28"]
[Round "5"]
[White "Peng, Shunkai"]
[Black "Karthik Venkataraman"]
[Result "1/2-1/2"]
[ECO "D02"]
[WhiteElo "2285"]
[BlackElo "2527"]
[PlyCount "89"]
[EventDate "2018.12.??"]
[EventType "swiss"]
[EventRounds "9"]
[EventCountry "USA"]
[TimeControl "6600+10"]
[WhiteClock "0:04:21"]
[BlackClock "0:56:29"]

1. d4 Nf6 2. Nf3 d5 3. Bf4 c5 4. c3 Nc6 5. e3 Qb6 6. Qb3 c4 7. Qc2 Bf5 8. Qc1 e6 9. h3 Be7 10.
Nbd2 h6 11. Be2 O-O 12. O-O Rfc8 13. Ne5 Nxe5 14. Bxe5 Qc6 15. a4 Nd7 16. Bg3 b6 17. Re1 Bh7 18. e4 Bxe4 19. Bxc4 dxc4 20. Nxe4 a6 21. Qd1 Qd5 22. Nd2 b5 23. Nf1 Bg5 24. h4 Bf6 25. Ne3 Qc6 26. d5 exd5 27. Qxd5 b4 28. Qxc6 Rxc6 29. cxb4 Bxb2 30. b5 axb5 31. axb5 Rxa1 32. Rxa1 Rc8 33. Ra7 Nb6 34. Rc7 Re8 35. Nxc4 Re1+ 36. Kh2 Bd4 37. Nxb6 Bxb6 38. Rc8+ Kh7 39. Rc6 Bd4 40. Rd6 Bc5 41. Rd7 Kg8 42. Rc7 Bd4 43. Rc8+ Kh7 44. Rf8 Rb1 45. Rxf7 1/2-1/2

[Event "28th North American Open"]
[Site "Las Vegas"]
[Date "2018.12.28"]
[Round "5"]
[White "Becerra Rivero, Julio"]
[Black "Kumar, Nikhil"]
[Result "1/2-1/2"]
[ECO "B11"]
[WhiteElo "2520"]
[BlackElo "2281"]
[PlyCount "91"]
[EventDate "2018.12.??"]
[EventType "swiss"]
[EventRounds "9"]
[EventCountry "USA"]
[TimeControl "6600+10"]
[WhiteClock "0:02:15"]
[BlackClock "0:02:03"]

1. e4 c6 2. Nc3 d5 3. Nf3 Bg4 4. h3 Bxf3 5. Qxf3 e6 6. Be2 Nf6 7. O-O Bc5 8. Rd1 Bd4 9. exd5 exd5 10. Bf1 O-O 11. Ne2 Bb6 12. d4 Ne4 13. c4 Nd7 14. Nc3 Ndf6 15.
Bf4 Bc7 16. cxd5 Nxc3 17. bxc3 Bxf4 18. dxc6 Bc7 19. cxb7 Qd6 20. g3 Rad8 21. c4 Rfe8 22. c5 Qd5 23. Qxd5 Nxd5 24. Rac1 Kf8 25. Bg2 g6 26. Kf1 Re7 27. Rd3 Nb4 28. Rd2 Red7 29. Rc4 Nd5 30. Rd3 f5 31. Ra3 a5 32. Rb3 Ne7 33. Bf3 Kg7 34. c6 Rd6 35.
Rb5 Kf6 36. Ke2 Nd5 37. Rcc5 Nb4 38. b8=Q Rxb8 39. Rxb8 Bxb8 40. c7 Bxc7 41. Rxc7 Nxa2 42. Kd3 Rb6 43. Kc2 Nb4+ 44. Kc3 Na2+ 45. Kc2 Nb4+ 46. Kc3 1/2-1/2

[Event "28th North American Open"]
[Site "Las Vegas"]
[Date "2018.12.28"]
[Round "5"]
[White "Yang, Kevin"]
[Black "Aaron, Deepak"]
[Result "1/2-1/2"]
[ECO "A04"]
[WhiteElo "2135"]
[BlackElo "2315"]
[PlyCount "117"]
[EventDate "2018.12.??"]
[EventType "swiss"]
[EventRounds "9"]
[EventCountry "USA"]
[TimeControl "6600+10"]
[WhiteClock "0:09:51"]
[BlackClock "0:03:35"]

1. Nf3 e6 2. g3 d5 3. Bg2 Nf6 4. O-O Be7 5. c4 dxc4 6. Qa4+ c6 7. Qxc4 b5 8. Qc2 Bb7 9. d4 Nbd7 10.
Nc3 Qb6 11. e4 c5 12. Be3 Ng4 13. Rad1 Nxe3 14. fxe3 cxd4 15. exd4 O-O 16. Kh1 Rac8 17. Qb1 b4 18. Ne2 Nf6 19. Ne5 Rfd8 20. Nxf7 Kxf7 21. e5 Bxg2+ 22. Kxg2 Qc6+ 23. Rf3 Qc2 24. exf6 Bxf6 25. Kf1 Ke7 26. Qxc2 Rxc2 27. Rb3 a5 28. a3 Rb8 29. Ra1 Rb5 30. axb4 Rxb4 31. Raa3 Bxd4 32. Rxb4 axb4 33. Rb3 Bc5 34. Ke1 e5 35. Kd1 Rc4 36. Rf3 Ke6 37. b3 Rg4 38. h3 Rg6 39. Kd2 Rh6 40. g4 Rf6 41. Rxf6+ gxf6 42. Ng3 Bf2 43. Ne4 Bh4 44. Nc5+ Kd5 45. Nd3 Ke4 46. Ke2 f5 47. gxf5 Be7 48. f6 Bxf6 49. Nxb4 h5 50. Nd3 Bd8 51. Nf2+ Kf4 52. Nd3+ Kf5 53. Nxe5 Kxe5 54. Kf3 Kf5 55. b4 h4 56. b5 Bb6 57. Kg2 Kf4 58. Kh1 Kf3 59. Kh2 1/2-1/2

[Event "28th North American Open"]
[Site "Las Vegas"]
[Date "2018.12.28"]
[Round "5"]
[White "Zavortink, Matt"]
[Black "Encinas Varela, David"]
[Result "1-0"]
[ECO "E91"]
[WhiteElo "2160"]
[BlackElo "1885"]
[PlyCount "87"]
[EventDate "2018.12.??"]
[EventType "swiss"]
[EventRounds "9"]
[EventCountry "USA"]
[TimeControl "6600+10"]
[WhiteClock "0:09:46"]
[BlackClock "0:07:07"]

1. Nf3 Nf6 2. c4 g6 3. Nc3 Bg7 4. e4 d6 5. d4 O-O 6. Be2 Bg4 7. O-O Nfd7 8. Be3 Nc6 9. d5 Na5 10. Nd4 Bxe2 11. Qxe2 c5 12. dxc6 Nxc6 13. Rfd1 Qa5 14. Nd5 Rfe8 15. Nb3 Qd8 16. c5 Qb8 17. cxd6 exd6 18. f3 Nf6 19. Nc3 a6 20. Rd2 Qc7 21. Rad1 Rad8 22. Qf2 Qe7 23. Bg5 Qe6 24. Nd5 Rd7 25. Bxf6 Bxf6 26. Nc5 dxc5 27. Nxf6+ Qxf6 28. Rxd7 Nd4 29. Rd5 Qc6 30. Kh1 Qa4 31. b3 Qa3 32. Qd2 a5 33. h4 b6 34. h5 a4 35.
bxa4 Qxa4 36. Rb1 Qc6 37. Qf4 Ne2 38. Qd6 Qa4 39. h6 Nd4 40.
Qf6 Ne6 41. Rd6 Kf8 42. Rbxb6 Qc2 43. Qh8+ Ke7 44. Rxe6+ 1-0

[Event "28th North American Open"]
[Site "Las Vegas"]
[Date "2018.12.28"]
[Round "5"]
[White "Martin Del Campo C., Roberto"]
[Black "Calugar, Arthur"]
[Result "0-1"]
[ECO "B48"]
[WhiteElo "2313"]
[BlackElo "2208"]
[PlyCount "89"]
[EventDate "2018.12.??"]
[EventType "swiss"]
[EventRounds "9"]
[EventCountry "USA"]
[TimeControl "6600+10"]
[WhiteClock "0:03:55"]
[BlackClock "0:14:38"]

1. e4 c5 2. Nf3 e6 3. d4 cxd4 4. Nxd4 Nc6 5. Nc3 Qc7 6. Be3 a6 7. Bd3 Nf6 8. O-O Ne5 9. h3 b5 10. f4 Nc4 11. Bxc4 Qxc4 12. Qd3 Bb7 13. a4 Qxd3 14. cxd3 b4 15. Nce2 Bc5 16. Rfc1 d6 17. Kf2 Kd7 18. Nb3 Bxe3+ 19. Kxe3 a5 20. Ned4 Rhg8 21. Nb5 Ne8 22. h4 h6 23. g4 g5 24. fxg5 hxg5 25. h5 f5 26. exf5 exf5 27. gxf5 Rh8 28. Nd2 Rxh5 29. Ne4 Rh3+ 30. Kd4 Rh4 31. Rh1 Bxe4 32. dxe4 Nf6 33. Rxh4 gxh4 34. Rh1 Rh8 35. Ke3 h3 36. Kf4 h2 37. Nd4 d5 38. e5 Rh4+ 39. Kg5 Rxd4 40. Kxf6 Rh4 41. e6+ Ke8 42. Ke5 Rh5 43. Kd6 d4 44. f6 Rh6 45. Rc1 0-1

[Event "28th North American Open"]
[Site "Las Vegas"]
[Date "2018.12.28"]
[Round "6.1"]
[White "Bai, Jinshi"]
[Black "Coleman, Teddy"]
[Result "1-0"]
[ECO "E06"]
[WhiteElo "2568"]
[BlackElo "2361"]
[PlyCount "41"]
[EventDate "2018.12.??"]
[EventType "swiss"]
[EventRounds "9"]
[EventCountry "USA"]
[TimeControl "6600+10"]
[WhiteClock "0:43:52"]
[BlackClock "0:55:16"]

1. d4 d5 2. c4 e6 3. Nf3 Nf6 4. g3 Be7 5. Bg2 O-O 6. Nc3 c6 7. O-O b6 8. Ne5 Ba6 9. Qa4 Qe8 10. cxd5 cxd5 11. Qxe8 Rxe8 12. Bf4 Rc8 13. Rfc1 Bb7 14. e4 dxe4 15. Nxe4 Rxc1+ 16. Rxc1 Nxe4 17. Rc7 Bd5 18. Rxe7 Nc6 19. Rd7 Nf6 20. Rxd5 Ne4 21. Rd7 1-0

[Event "28th North American Open"]
[Site "Las Vegas"]
[Date "2018.12.28"]
[Round "6.2"]
[White "Song, Edward"]
[Black "Zierk, Steven"]
[Result "0-1"]
[ECO "C07"]
[WhiteElo "2355"]
[BlackElo "2510"]
[PlyCount "132"]
[EventDate "2018.12.??"]
[EventType "swiss"]
[EventRounds "9"]
[EventCountry "USA"]
[TimeControl "6600+10"]
[WhiteClock "0:00:37"]
[BlackClock "0:07:29"]

1. e4 e6 2. d4 d5 3. Nd2 c5 4. Ngf3 cxd4 5. exd5 Qxd5 6. Bc4 Qd7 7. O-O Nc6 8. Nb3 Nf6 9. Nbxd4 Nxd4 10. Qxd4 Qxd4 11. Nxd4 a6 12. Be2 Bd6 13. c4 O-O 14. Be3 e5 15. Nb3 Bc7 16. h3 b6 17. Rfd1 Be6 18.
Rac1 a5 19. Na1 Rfd8 20. Nc2 Rxd1+ 21. Rxd1 Rd8 22. Rxd8+ Bxd8 23. f4 exf4 24. Bxf4 Ne4 25. Nd4 Bd7 26. Bd3 Nc5 27. Bf1 Na4 28. b3 Nc3 29. a3 Be7 30. Nb5 Bc5+ 31. Kh1 Nxb5 32. cxb5 Be6 33. b4 axb4 34. axb4 Bxb4 35. Be3 Ba5 36. g4 Bd5+ 37. Kh2 f6 38. Kg3 Kf7 39. h4 Be1+ 40. Kh3 Be6 41. Bxb6 h5 42. Be2 Bd7 43. Bd4 hxg4+ 44. Bxg4 Bxb5 45. h5 Bf1+ 46. Kh2 Bd2 47. Kg3 Bd3 48. Kf3 Bh6 49. Kg3 Kg8 50. Bd1 Kh7 51. Bc5 Bd2 52. Bf8 Kh6 53. Kh4 Bc4 54. Kg3 Be6 55. Be2 Bf7 56. Kh3 f5 57. Bd1 Bc3 58. Bc2 Be6 59. Bd1 Bf6 60. Bb4 Kg5 61. Bd2+ f4+ 62. Kg2 Be5 63. Kf3 Bd5+ 64. Kf2 Bf7 65. Kf3 Bxh5+ 66. Ke4 Bc7 0-1

[Event "28th North American Open"]
[Site "Las Vegas"]
[Date "2018.12.28"]
[Round "6.3"]
[White "Pakleza, Zbigniew"]
[Black "Zhu, Jack"]
[Result "1/2-1/2"]
[ECO "A48"]
[WhiteElo "2506"]
[BlackElo "2364"]
[PlyCount "70"]
[EventDate "2018.12.??"]
[EventType "swiss"]
[EventRounds "9"]
[EventCountry "USA"]
[TimeControl "6600+10"]
[WhiteClock "0:16:37"]
[BlackClock "0:39:59"]

1. d4 Nf6 2. Nf3 g6 3. e3 Bg7 4. Be2 O-O 5. O-O d6 6. c4 c6 7. Nc3 a5 8. b3 Qb6 9. Bb2 Nbd7 10. Qc2 Re8 11. Rfd1 e5 12. dxe5 dxe5 13. Na4 Qc7 14. Ba3 Bf8 15. Bxf8 Nxf8 16. c5 Bf5 17. Qb2 Bg4 18. h3 Bxf3 19. Bxf3 Rad8 20. a3 N8d7 21. b4 axb4 22. axb4 e4 23. Be2 Nd5 24. Rd4 Qe5 25. Bc4 Qg5 26. Nc3 Nxc3 27. Qxc3 Ne5 28. Be2 Nf3+ 29. Bxf3 exf3 30. g3 Rxd4 31. Qxd4 Qf5 32. Kh2 Qc2 33. Kg1 Qf5 34. Kh2 Qc2 35. Kg1 Qf5 1/2-1/2

[Event "28th North American Open"]
[Site "Las Vegas"]
[Date "2018.12.28"]
[Round "6.4"]
[White "Daggupati, Balaji"]
[Black "Hong, Andrew"]
[Result "1/2-1/2"]
[ECO "B50"]
[WhiteElo "2256"]
[BlackElo "2390"]
[PlyCount "54"]
[EventDate "2018.12.??"]
[EventType "swiss"]
[EventRounds "9"]
[EventCountry "USA"]
[TimeControl "6600+10"]
[WhiteClock "1:05:06"]
[BlackClock "0:30:00"]

1. e4 c5 2. Nf3 d6 3. Bc4 Nc6 4. O-O Nf6 5. d3 e6 6. Re1 Be7 7. Bb3 Na5 8. Ba4+ Bd7 9. c3 Bxa4 10. Qxa4+ Nc6 11. e5 dxe5 12. Nxe5 O-O 13. Nxc6 bxc6 14. Rd1 Qd5 15. Be3 Rfb8 16. Rd2 Qh5 17. Qxc6 Ng4 18. Bf4 e5 19. Bg3 Bg5 20. Qxc5 Bxd2 21. Nxd2 Rxb2 22. Nc4 Rc2 23. h3 Qh6 24. hxg4 Rc1+ 25. Rxc1 Qxc1+ 26. Kh2 Qh6+ 27. Kg1 Qc1+ 1/2-1/2

[Event "28th North American Open"]
[Site "Las Vegas"]
[Date "2018.12.29"]
[Round "6"]
[White "Vivekananthan, Anish"]
[Black "Aldama Degurnay, Dionisio"]
[Result "0-1"]
[ECO "B40"]
[WhiteElo "2294"]
[BlackElo "2412"]
[PlyCount "82"]
[EventDate "2018.12.??"]
[EventType "swiss"]
[EventRounds "9"]
[EventCountry "USA"]
[TimeControl "6600+10"]
[WhiteClock "0:03:00"]
[BlackClock "0:02:01"]

1. e4 c5 2. Nf3 e6 3. c3 d5 4. exd5 exd5 5. d4 Nc6 6. Be2 Nf6 7. Be3 cxd4 8. Nxd4 Bd6 9. Nd2 O-O 10.
O-O Re8 11. Re1 Ne5 12. h3 Bd7 13. Qc2 a6 14. Rad1 Rc8 15.
Qb1 Ng6 16. Bd3 Ba4 17. Rc1 Nf4 18. Bc2 Bc6 19. Rcd1 g6 20.
g3 Nxh3+ 21. Kg2 Bd7 22. Rh1 Rxe3 23. fxe3 Ng5 24. Qc1 Qe7 25. Rde1 Qe5 26. Nf1 Nge4 27. Nf3 Qe7 28. N3d2 h5 29. Qb1 Re8 30. Nxe4 dxe4 31. Bd1 Rc8 32. Rh4 Rc5 33. Qc2 Rg5 34. Qf2 Ng4 35. Bxg4 Bxg4 36. Rh2 Bf3+ 37. Kg1 Qc7 38. Rh3 h4 39. Rxh4 Bxg3 40. Nxg3 Rxg3+ 41. Kf1 Qc4+ 0-1

[Event "28th North American Open"]
[Site "Las Vegas"]
[Date "2018.12.28"]
[Round "6"]
[White "Chua, Alexander"]
[Black "Patel, Advait"]
[Result "0-1"]
[ECO "E60"]
[WhiteElo "2291"]
[BlackElo "2455"]
[PlyCount "68"]
[EventDate "2018.12.??"]
[EventType "swiss"]
[EventRounds "9"]
[EventCountry "USA"]
[TimeControl "6600+10"]
[WhiteClock "0:46:16"]
[BlackClock "0:41:57"]

1. d4 Nf6 2. c4 g6 3. Nf3 Bg7 4. g3 O-O 5. Bg2 c5 6. d5 d6 7. Nc3 e6 8. O-O exd5 9. cxd5 Re8 10. Bf4 Na6 11. Re1 Bg4 12. h3 Bxf3 13. Bxf3 Qd7 14. a4 Nb4 15. Kh2 a6 16. a5 Qe7 17. Na2 Nxa2 18. Rxa2 Ne4 19. Bxe4 Qxe4 20. f3 Qb4 21. Bxd6 Rad8 22. Ra4 Qxb2 23. Bxc5 Bc3 24. Ba3 Qb5 25. Re4 Qxa5 26. Ra4 Qb5 27. Re4 Bxe1 28. Qxe1 Qxd5 29. Rxe8+ Rxe8 30. Bb4 Qa2 31. Bd2 Qc4 32. e4 Rd8 33. Be3 Qc2+ 34. Bf2 Rd2 0-1

[Event "28th North American Open"]
[Site "Las Vegas"]
[Date "2018.12.29"]
[Round "6"]
[White "Balakrishnan, Praveen"]
[Black "Della Morte, Pablo"]
[Result "1-0"]
[ECO "B96"]
[WhiteElo "2418"]
[BlackElo "2286"]
[PlyCount "93"]
[EventDate "2018.12.??"]
[EventType "swiss"]
[EventRounds "9"]
[EventCountry "USA"]
[TimeControl "6600+10"]
[WhiteClock "0:01:16"]
[BlackClock "0:00:57"]

1. e4 c5 2. Nf3 d6 3. d4 cxd4 4. Nxd4 Nf6 5. Nc3 a6 6. Bg5 e6 7. f4 Qc7 8. Qe2 Nbd7 9. O-O-O Be7 10. g4 b5 11. a3 Bb7 12. Bh4 h6 13. Kb1 Rc8 14. Rg1 g6 15. Bg3 e5 16. Nb3 Nb6 17. Bh3 Na4 18. Rd3 Nxe4 19. Nxe4 Bxe4 20. Rd2 Qc4 21. Nd4 Qxe2 22. Rxe2 d5 23. fxe5 Rc4 24. Bf2 Bxa3 25. Rxe4 Bxb2 26. Rf4 Rb4 27. Ne2 d4 28. c3 Bxc3+ 29. Kc1 Nc5 30. Rd1 Ne6 31. Rf3 Ng5 32. Rfd3 Bb2+ 33. Kc2 O-O 34. Bxd4 Rc8+ 35. Bc3 Bxc3 36. Nxc3 Rbc4 37. Kb3 Kg7 38. Nd5 Nxh3 39. Rxh3 Rxg4 40. Rf3 Rd8 41. Rdf1 h5 42. Rxf7+ Kh6 43. Nf4 Re8 44. Re1 Kg5 45. Re4 a5 46. e6 Rxf4 47. Rfxf4 1-0

[Event "28th North American Open"]
[Site "Las Vegas"]
[Date "2018.12.28"]
[Round "6"]
[White "Yanayt, Eugene"]
[Black "Mulyar, Michael"]
[Result "1-0"]
[ECO "A07"]
[WhiteElo "2122"]
[BlackElo "2398"]
[PlyCount "59"]
[EventDate "2018.12.??"]
[EventType "swiss"]
[EventRounds "9"]
[EventCountry "USA"]
[TimeControl "6600+10"]
[WhiteClock "0:08:54"]
[BlackClock "1:09:24"]

1. Nf3 d5 2. g3 Nf6 3. Bg2 c6 4. O-O Bg4 5. h3 Bh5 6. d4 e6 7. c4 Nbd7 8. Nc3 Be7 9. Ne5 O-O 10. g4 Bg6 11. Nxg6 hxg6 12. b3 Qa5 13.
Bd2 Qa6 14. Rc1 Ba3 15. Rc2 dxc4 16. bxc4 Qxc4 17. Nb1 Qa6 18. Nxa3 Qxa3 19. Qb1 Qa6 20. Rfc1 e5 21. g5 Nh5 22. e3 exd4 23. exd4 Qd3 24. Qxb7 Nb6 25. Qxc6 Qxd4 26. Be3 Qh4 27. Rc4 Nxc4 28. Rxc4 Nf4 29. Rxf4 Qh5 30. Rxf7 1-0

[Event "28th North American Open"]
[Site "Las Vegas"]
[Date "2018.12.29"]
[Round "6"]
[White "Li, Ruifeng"]
[Black "Wu, Rochelle"]
[Result "1-0"]
[ECO "D00"]
[WhiteElo "2559"]
[BlackElo "2096"]
[PlyCount "69"]
[EventDate "2018.12.??"]
[EventType "swiss"]
[EventRounds "9"]
[EventCountry "USA"]
[TimeControl "6600+10"]
[WhiteClock "0:30:46"]
[BlackClock "0:01:35"]

1. d4 d5 2. Bf4 c5 3. e3 Nc6 4. c3 Nf6 5. Nd2 Bf5 6. Ngf3 e6 7. Ne5 Qb6 8. Qa4 Be7 9. Bb5 Rc8 10.
dxc5 Bxc5 11. Nb3 O-O 12. Nxc5 Nxe5 13. b4 Ng6 14. Bg3 e5 15. O-O a6 16. Be2 Ne4 17. Nxe4 Bxe4 18. Qb3 f5 19. c4 Qc6 20. c5 f4 21. f3 Bf5 22. exf4 Nxf4 23. Bxf4 exf4 24. Rad1 Rcd8 25. Rd4 Rfe8 26. Qd1 Qe6 27. Rf2 Qe3 28. g4 Be6 29. Kg2 Rc8 30. Bd3 Kh8 31. Bc2 Bg8 32. Qd2 g5 33. Bb3 Re5 34. Qb2 Rd8 35.
Re4 1-0

[Event "28th North American Open"]
[Site "Las Vegas"]
[Date "2018.12.28"]
[Round "6"]
[White "Karthik Venkataraman"]
[Black "Kolay, Alex"]
[Result "1-0"]
[ECO "C19"]
[WhiteElo "2527"]
[BlackElo "2270"]
[PlyCount "75"]
[EventDate "2018.12.??"]
[EventType "swiss"]
[EventRounds "9"]
[EventCountry "USA"]
[TimeControl "6600+10"]
[WhiteClock "1:09:52"]
[BlackClock "0:03:50"]

1. e4 e6 2. d4 d5 3. Nc3 Bb4 4. e5 c5 5. a3 Bxc3+ 6. bxc3 Ne7 7. Qg4 Qc7 8. Qxg7 Rg8 9. Qxh7 cxd4 10. Ne2 Nbc6 11. f4 dxc3 12. h4 d4 13. h5 b6 14. h6 Kf8 15. Qd3 Bb7 16. h7 Rh8 17. Qh3 Ke8 18.
Ng3 Kd7 19. Bd3 Raf8 20. O-O Kd8 21. Ne4 Nd5 22. Ng5 Bc8 23.
Be4 Nce7 24. a4 Qd7 25. Qh5 Qe8 26. Qd1 Nc6 27. Ba3 Nde7 28.
Rf3 Bd7 29. Bxe7+ Kxe7 30. Bxc6 Bxc6 31. Qxd4 Qd8 32. Qb4+ Ke8 33. Rd3 Qe7 34. Rd6 Qb7 35. Rad1 Bd5 36. Ne4 f5 37. Rxe6+ Kd8 38. Rxd5+ 1-0